Workbook
Name \0: #REF!
Name \00: #REF!
Name \a: #REF!
Name \AA: [1]LIQUIDACION!#REF!
Name \b: [2]STRSUMM0!#REF!
Name \bb: [2]STRSUMM0!#REF!
Name \E: #REF!
Name \EE: #REF!
Name \G: #REF!
Name \k: '[3]7422CW00'!#REF!
Name \l: [4]STRSUMM0!#REF!
Name \M: #REF!
Name \ñ: '[5]7422CW00'!#REF!
Name \P: #REF!
Name \R: #REF!
Name \s: #REF!
Name \V: #REF!
Name \X: [0]!ERR
Name \Z: [0]!ERR
Name _________AFC1: [6]INV!$A$25:$D$28
Name _________AFC3: [6]INV!$F$25:$I$28
Name _________AFC5: [6]INV!$K$25:$N$28
Name _________BGC1: [6]INV!$A$5:$D$8
Name _________BGC3: [6]INV!$F$5:$I$8
Name _________BGC5: [6]INV!$K$5:$N$8
Name _________CAC1: [6]INV!$A$19:$D$22
Name _________CAC3: [6]INV!$F$19:$I$22
Name _________CAC5: [6]INV!$K$19:$N$22
Name _________PJ50: #REF!
Name _________SBC1: [6]INV!$A$12:$D$15
Name _________SBC3: [6]INV!$F$12:$I$15
Name _________SBC5: [6]INV!$K$12:$N$15
Name ________AFC1: [6]INV!$A$25:$D$28
Name ________AFC3: [6]INV!$F$25:$I$28
Name ________AFC5: [6]INV!$K$25:$N$28
Name ________BGC1: [6]INV!$A$5:$D$8
Name ________BGC3: [6]INV!$F$5:$I$8
Name ________BGC5: [6]INV!$K$5:$N$8
Name ________CAC1: [6]INV!$A$19:$D$22
Name ________CAC3: [6]INV!$F$19:$I$22
Name ________CAC5: [6]INV!$K$19:$N$22
Name ________MA2: #REF!
Name ________PJ50: #REF!
Name ________SBC1: [6]INV!$A$12:$D$15
Name ________SBC3: [6]INV!$F$12:$I$15
Name ________SBC5: [6]INV!$K$12:$N$15
Name _______AFC1: [6]INV!$A$25:$D$28
Name _______AFC3: [6]INV!$F$25:$I$28
Name _______AFC5: [6]INV!$K$25:$N$28
Name _______BGC1: [6]INV!$A$5:$D$8
Name _______BGC3: [6]INV!$F$5:$I$8
Name _______BGC5: [6]INV!$K$5:$N$8
Name _______CAC1: [6]INV!$A$19:$D$22
Name _______CAC3: [6]INV!$F$19:$I$22
Name _______CAC5: [6]INV!$K$19:$N$22
Name _______MA2: #REF!
Name _______PJ50: #REF!
Name _______SBC1: [6]INV!$A$12:$D$15
Name _______SBC3: [6]INV!$F$12:$I$15
Name _______SBC5: [6]INV!$K$12:$N$15

Sheet Desglose
A1: CÓDIGO | B1: DESCRIPCIÓN | C1: UNIDAD | D1: CANTIDAD | E1: COSTO PESO | F1: TOTAL PESO
A2: 1 | B2: PRELIMINARES
A3: 1.01 | B3: Localización, trazado y replanteo del proyecto. Se utilizará equipo de precisión, personal experto. Se hará con la frecuencia que lo indique la interventoria. incluye demarcación con pintura, línea de trazado, corte de piso, libretas, planos. | C3: Día | D3: =+VLOOKUP(A3,MEMORIAS!_xlnm.Print_Area,7,0) -> 4 | E3: =+'Análisis de precios unitarios'!F26 -> 835180 | F3: =+D3*E3 -> 3340720
A4: 2 | B4: MOVIMIENTOS DE TIERRA
A5: 2.01 | B5: Conformación y compactación de la calzada existente manual | C5: m2 | D5: =+VLOOKUP(A5,MEMORIAS!_xlnm.Print_Area,7,0) -> 692.5 | E5: =+'Análisis de precios unitarios'!F48 -> 20456.65 | F5: =+D5*E5 -> 14166230
A6: 2.02 | B6: Excavación mecanica en material heterogéneo, bajo cualquier grado de humedad, medido in situ, incluye botada. | C6: M3 | D6: =+VLOOKUP(A6,MEMORIAS!_xlnm.Print_Area,7,0) -> 95.57 | E6: =+'Análisis de precios unitarios'!F73 -> 52987.452 | F6: =+D6*E6 -> 5064010.8
A7: 2.03 | B7: Lleno compactado con material del sitio manual | C7: M3 | D7: =+VLOOKUP(A7,MEMORIAS!_xlnm.Print_Area,7,0) -> 19.39 | E7: =+'Análisis de precios unitarios'!F95 -> 39358.25 | F7: =+D7*E7 -> 763156.47
A8: 3 | B8: CONSTRUCCIÓN DE VÍA
A9: 3.01 | B9: Placa Huellas (par) en concreto de 20,7 Mpa (3000 psi) e = 0,15 m a c/u = 0,90 m. | C9: M | D9: =+VLOOKUP(A9,MEMORIAS!_xlnm.Print_Area,7,0) -> 138.5 | E9: =+'Análisis de precios unitarios'!F131 -> 406244.24 | F9: =+D9*E9 -> 56264827
A10: 3.02 | B10: Concreto de 20,7 Mpa (3000 psi) (producción), Para sobre anchos y viga | C10: M3 | D10: =+VLOOKUP(A10,MEMORIAS!_xlnm.Print_Area,7,0) -> 21.37 | E10: =+'Análisis de precios unitarios'!F168 -> 1651824 | F10: =+D10*E10 -> 35299479
A11: 3.03 | B11: Concreto ciclópeo (producción) | C11: M3 | D11: =+VLOOKUP(A11,MEMORIAS!_xlnm.Print_Area,7,0) -> 39.47 | E11: =+'Análisis de precios unitarios'!F201 -> 1028029.8 | F11: =+D11*E11 -> 40576335
A12: 3.04 | B12: Suministro Acero de Fy=4200 (4,200 Kg/Cm²), para cunetas (Según Diseño) Incluye Figurado y Colocación. | C12: Kg | D12: =+VLOOKUP(A12,MEMORIAS!_xlnm.Print_Area,7,0) -> 5103.52 | E12: =+'Análisis de precios unitarios'!F227 -> 9546.43 | F12: =+D12*E12 -> 48720396
A13: 3.05 | B13: Construcción de cunetas de 0,7m de ancho y 0,15m de espesor. Concreto preparado en obra de 21 MPa.. Incluye suministro, transporte e instalación del concreto, mano de obra, vibrado, protección y curado, para estructuras de acuerdo con las diferentes dimensiones establecidas en los planos y diseños. El acero de refuerzo se paga en su item respectivo. | C13: M | D13: =+VLOOKUP(A13,MEMORIAS!_xlnm.Print_Area,7,0) -> 277 | E13: =+'Análisis de precios unitarios'!F263 -> 191411.57 | F13: =+D13*E13 -> 53021006
A14: 4 | B14: OBRAS DE DRENAJE
A15: 4.01 | B15: Zanja colectora en concreto de 20,7 Mpa a = 0,60 e = 0,10 h = 0,30 m | C15: M | D15: =+VLOOKUP(A15,MEMORIAS!_xlnm.Print_Area,7,0) -> 121.5 | E15: =+'Análisis de precios unitarios'!F300 -> 206022.79 | F15: =+D15*E15 -> 25031769
A16: SUBTOTAL | B16: TOTAL | C16: TOTAL | D16: TOTAL | E16: TOTAL | F16: =SUM(F2:F15) -> 2.8224793e+08
A17: ADMINISTRACIÓN | E17: =+ADMINISTRACIÓN!F28 -> 0.21138559 | F17: =+F16*E17 -> 59663145
A18: APORTE MUNICIPIO | F18: 341058054
A19: APORTE OAC | F19: =+F20-F18 -> 853020.24
A20: TOTAL OBRA | F20: =+F16+F17 -> 3.4191107e+08
F22: 341058054

Sheet ADMINISTRACIÓN
A1: CALCULO DETALLADO DEL VALOR PORCENTUAL DEL A.U.
A4: Duración estimada del Proyecto en meses | F4: 2.5
A5: Costo directo total del Proyecto | F5: =+Desglose!F16 -> 2.8224793e+08
A6: A.I.U. Asumido para el cálculo | B6: =+F28 -> 0.21138559 | F6: =ROUND((F5)*B6,0) -> 59663145
A7: Valor total estimado del Proyecto | F7: =SUM(F5:F6) -> 3.4191107e+08
A8: DESCRIPCION | B8: UNIDAD | C8: CANTIDAD | D8: VR UNITARIO | E8: DEDICACIÒN Y/O PORCENTAJE DE UTILIZACIÓN | F8: VR. TOTAL
A9: GASTOS ARRENDAMIENTO Y OFICINA
A10: Transportes | B10: Mes | C10: =+F4 -> 2.5 | D10: 1000000 | E10: 1 | F10: =+ROUND(D10*C10*E10,0) -> 2500000
A11: Arrendamiento Almacén y/o bodega | B11: Mes | C11: =+F4 -> 2.5 | D11: 800000 | E11: 1 | F11: =+ROUND(D11*C11*E11,0) -> 2000000
A12: GASTOS DE LEGALIZACIÓN E IMPUESTOS
A13: Póliza de Cumplimiento | B13: % | C13: 0.002 | D13: =+$F$7 -> 3.4191107e+08 | E13: 1 | F13: =+ROUND(D13*C13*E13,0) -> 683822
A14: Póliza calidad del servicio | B14: % | C14: 0.002 | D14: =+$F$7 -> 3.4191107e+08 | E14: 1 | F14: =+ROUND(D14*C14*E14,0) -> 683822
A15: Póliza de Salarios y Prestaciones Sociales | B15: % | C15: 0.0005 | D15: =+$F$7 -> 3.4191107e+08 | E15: 1 | F15: =+ROUND(D15*C15*E15,0) -> 170956
A16: Póliza de Estabilidad | B16: % | C16: 0.002 | D16: =+$F$7 -> 3.4191107e+08 | E16: 1 | F16: =+ROUND(D16*C16*E16,0) -> 683822
A17: Póliza de Responsabilidad Civil | B17: % | C17: 0.0012 | D17: =+$F$7 -> 3.4191107e+08 | E17: 1 | F17: =+ROUND(D17*C17*E17,0) -> 410293
A18: Estampillas municipales | B18: % | C18: 0.05 | D18: =+$F$7 -> 3.4191107e+08 | E18: 1 | F18: =+ROUND(D18*C18*E18,0) -> 17095554
A19: PERSONAL TÉCNICO
A20: Ingeniero y/o arquitecto Director (Con Prestac. Sociales) | B20: Mes | C20: =+F4 -> 2.5 | D20: 6000000 | E20: 0.3 | F20: =+ROUND(D20*C20*E20,0) -> 4500000
A21: Ingeniero y/o arquitecto Residente (Con Prestac. Sociales) | B21: Mes | C21: =+F4 -> 2.5 | D21: 5600000 | E21: 1 | F21: =+ROUND(D21*C21*E21,0) -> 14000000
A22: Residente SG-SST | B22: Mes | C22: 0 | D22: 4000000 | E22: 1 | F22: =+ROUND(D22*C22*E22,0) -> 0
A23: Valor total de los Costos de Legalización y Administración | F23: =SUM(F10:F22) -> 42728269
A24: Valor porcentual de la Legalización y Administración | F24: =((F23/F5)) -> 0.15138559
A25: Valor porcentual de los Imprevistos | F25: 0.01
A26: Valor porcentual de la Utilidad estimada | F26: 0.05
A28: Valor Total porcentual del A.U. | F28: =SUM(F24:F27) -> 0.21138559

Sheet MEMORIAS
A1: CAPITULO: | B1: =+'[202]Desglose V2'!$B$2 -> PRELIMINARES | G1: ELABORÓ: | H1: FECHA:
G2: =+'[202]Desglose V2'!$B$32 -> LEÓN ESNAIDER QUIROZ OSORIO | H2: =+$I$4 -> 46106
A3: ITEM | B3: =+VLOOKUP(A4,Desglose!$A$2:$D$15,2,0) -> Localización, trazado y replanteo del proyecto. Se utilizará equipo de precisión, personal experto. Se hará con la frecuencia que lo indique la interventoria. incluye demarcación con pintura, línea de trazado, corte de piso, libretas, planos. | G3: Total | H3: UNIDAD:
A4: 1.01 | G4: =+F14 -> 4 | H4: =+VLOOKUP(A4,Desglose!$A$2:$D$15,3,0) -> Día | I4: 46106
A5: UBICACIÓN | B5: LARGO | C5: ANCHO | D5: ALTURA | E5: CANT. | F5: TOTAL | G5: DETALLES
A6: Placa huella | E6: 4 | F6: =PRODUCT(B6:E6) -> 4
F11: =PRODUCT(B11:E11) -> 0
F12: =PRODUCT(B12:E12) -> 0
F13: =PRODUCT(B13:E13) -> 0
E14: TOTAL | F14: =ROUND((SUM(F6:F13)),2) -> 4
A15: CAPITULO: | B15: =+'[202]Desglose V2'!$B$4 -> MOVIMIENTOS DE TIERRA | G15: ELABORÓ: | H15: FECHA:
G16: =+'[202]Desglose V2'!$B$32 -> LEÓN ESNAIDER QUIROZ OSORIO | H16: =+$I$4 -> 46106
A17: ITEM | B17: =+VLOOKUP(A18,Desglose!$A$2:$D$15,2,0) -> Conformación y compactación de la calzada existente manual | G17: Total | H17: UNIDAD:
A18: 2.01 | G18: =+F28 -> 692.5 | H18: =+VLOOKUP(A18,Desglose!$A$2:$D$15,3,0) -> m2
A19: UBICACIÓN | B19: LARGO | C19: ANCHO | D19: ALTURA | E19: CANT. | F19: TOTAL | G19: DETALLES
A20: Placa huella | B20: 138.5 | C20: 5 | E20: 1 | F20: =PRODUCT(B20:E20) -> 692.5
F25: =PRODUCT(B25:E25) -> 0
F26: =PRODUCT(B26:E26) -> 0
F27: =PRODUCT(B27:E27) -> 0
E28: TOTAL | F28: =ROUND((SUM(F20:F27)),2) -> 692.5
A29: CAPITULO: | B29: =+'[202]Desglose V2'!$B$4 -> MOVIMIENTOS DE TIERRA | G29: ELABORÓ: | H29: FECHA:
G30: =+'[202]Desglose V2'!$B$32 -> LEÓN ESNAIDER QUIROZ OSORIO | H30: =+$I$4 -> 46106
A31: ITEM | B31: =+VLOOKUP(A32,Desglose!$A$2:$D$15,2,0) -> Excavación mecanica en material heterogéneo, bajo cualquier grado de humedad, medido in situ, incluye botada. | G31: Total | H31: UNIDAD:
A32: 2.02 | G32: =+F42 -> 95.57 | H32: =+VLOOKUP(A32,Desglose!$A$2:$D$15,3,0) -> M3
A33: UBICACIÓN | B33: LARGO | C33: ANCHO | D33: ALTURA | E33: CANT. | F33: TOTAL | G33: DETALLES
A34: Placa huella | B34: =+B20 -> 138.5 | C34: 4.6 | D34: 0.15 | E34: 1 | F34: =PRODUCT(B34:E34) -> 95.565
F39: =PRODUCT(B39:E39) -> 0
F40: =PRODUCT(B40:E40) -> 0
F41: =PRODUCT(B41:E41) -> 0
E42: TOTAL | F42: =ROUND((SUM(F34:F41)),2) -> 95.57
A43: CAPITULO: | B43: =+'[202]Desglose V2'!$B$4 -> MOVIMIENTOS DE TIERRA | G43: ELABORÓ: | H43: FECHA:
G44: =+'[202]Desglose V2'!$B$32 -> LEÓN ESNAIDER QUIROZ OSORIO | H44: =+$I$4 -> 46106
A45: ITEM | B45: =+VLOOKUP(A46,Desglose!$A$2:$D$15,2,0) -> Lleno compactado con material del sitio manual | G45: Total | H45: UNIDAD:
A46: 2.03 | G46: =+F56 -> 19.39 | H46: =+VLOOKUP(A46,Desglose!$A$2:$D$15,3,0) -> M3
A47: UBICACIÓN | B47: LARGO | C47: ANCHO | D47: ALTURA | E47: CANT. | F47: TOTAL | G47: DETALLES
A48: Placa huella | B48: =+B20 -> 138.5 | C48: 0.7 | D48: 0.1 | E48: 2 | F48: =PRODUCT(B48:E48) -> 19.39
F53: =PRODUCT(B53:E53) -> 0
F54: =PRODUCT(B54:E54) -> 0
F55: =PRODUCT(B55:E55) -> 0
E56: TOTAL | F56: =ROUND((SUM(F48:F55)),2) -> 19.39
A57: CAPITULO: | B57: =+'[202]Desglose V2'!$B$9 -> CONSTRUCCIÓN DE VÍA | G57: ELABORÓ: | H57: FECHA:
G58: =+'[202]Desglose V2'!$B$32 -> LEÓN ESNAIDER QUIROZ OSORIO | H58: =+$I$4 -> 46106
A59: ITEM | B59: =+VLOOKUP(A60,Desglose!$A$2:$D$15,2,0) -> Placa Huellas (par) en concreto de 20,7 Mpa (3000 psi) e = 0,15 m a c/u = 0,90 m. | G59: Total | H59: UNIDAD:
A60: 3.01 | G60: =+F70 -> 138.5 | H60: =+VLOOKUP(A60,Desglose!$A$2:$D$15,3,0) -> M
A61: UBICACIÓN | B61: LARGO | C61: ANCHO | D61: ALTURA | E61: CANT. | F61: TOTAL | G61: DETALLES
A62: Placa huella | B62: =+B20 -> 138.5 | E62: 1 | F62: =PRODUCT(B62:E62) -> 138.5
F67: =PRODUCT(B67:E67) -> 0
F68: =PRODUCT(B68:E68) -> 0
F69: =PRODUCT(B69:E69) -> 0
E70: TOTAL | F70: =ROUND((SUM(F62:F69)),2) -> 138.5
A71: CAPITULO: | B71: =+'[202]Desglose V2'!$B$9 -> CONSTRUCCIÓN DE VÍA | G71: ELABORÓ: | H71: FECHA:
G72: =+'[202]Desglose V2'!$B$32 -> LEÓN ESNAIDER QUIROZ OSORIO | H72: =+$I$4 -> 46106
A73: ITEM | B73: =+VLOOKUP(A74,Desglose!$A$2:$D$15,2,0) -> Concreto de 20,7 Mpa (3000 psi) (producción), Para sobre anchos y viga | G73: Total | H73: UNIDAD:
A74: 3.02 | G74: =+F84 -> 21.37 | H74: =+VLOOKUP(A74,Desglose!$A$2:$D$15,3,0) -> M3
A75: UBICACIÓN | B75: LARGO | C75: ANCHO | D75: ALTURA | E75: CANT. | F75: TOTAL | G75: DETALLES
A76: Placa huella | F76: =PRODUCT(B76:E76) -> 0
A77: Curvas en placa | B77: =B20*0.14 -> 19.39 | C77: 2.5 | D77: 0.15 | E77: 1 | F77: =PRODUCT(B77:E77) -> 7.27125
A78: Viga | B78: 5 | C78: 0.2 | D78: 0.3 | E78: =+E113 -> 47 | F78: =PRODUCT(B78:E78) -> 14.1
F81: =PRODUCT(B81:E81) -> 0
F82: =PRODUCT(B82:E82) -> 0
F83: =PRODUCT(B83:E83) -> 0
E84: TOTAL | F84: =ROUND((SUM(F76:F83)),2) -> 21.37
A85: CAPITULO: | B85: =+'[202]Desglose V2'!$B$9 -> CONSTRUCCIÓN DE VÍA | G85: ELABORÓ: | H85: FECHA:
G86: =+'[202]Desglose V2'!$B$32 -> LEÓN ESNAIDER QUIROZ OSORIO | H86: =+$I$4 -> 46106
A87: ITEM | B87: =+VLOOKUP(A88,Desglose!$A$2:$D$15,2,0) -> Concreto ciclópeo (producción) | G87: Total | H87: UNIDAD:
A88: 3.03 | G88: =+F98 -> 39.47 | H88: =+VLOOKUP(A88,Desglose!$A$2:$D$15,3,0) -> M3
A89: UBICACIÓN | B89: LARGO | C89: ANCHO | D89: ALTURA | E89: CANT. | F89: TOTAL | G89: DETALLES
A90: Placa huella | B90: =+B20 -> 138.5 | C90: 0.9 | D90: 0.15 | E90: 1 | F90: =PRODUCT(B90:E90) -> 18.6975
A91: Sobre ancho en ciclopeo | B91: =+B20 -> 138.5 | C91: 0.5 | D91: 0.15 | E91: 2 | F91: =PRODUCT(B91:E91) -> 20.775
F95: =PRODUCT(B95:E95) -> 0
F96: =PRODUCT(B96:E96) -> 0
F97: =PRODUCT(B97:E97) -> 0
E98: TOTAL | F98: =ROUND((SUM(F90:F97)),2) -> 39.47
A99: CAPITULO: | B99: =+'[202]Desglose V2'!$B$9 -> CONSTRUCCIÓN DE VÍA | G99: ELABORÓ: | H99: FECHA:
G100: =+'[202]Desglose V2'!$B$32 -> LEÓN ESNAIDER QUIROZ OSORIO | H100: =+$I$4 -> 46106
A101: ITEM | B101: =+VLOOKUP(A102,Desglose!$A$2:$D$15,2,0) -> Suministro Acero de Fy=4200 (4,200 Kg/Cm²), para cunetas (Según Diseño) Incluye Figurado y Colocación. | G101: Total | H101: UNIDAD:
A102: 3.04 | G102: =+F117 -> 5103.52 | H102: =+VLOOKUP(A102,Desglose!$A$2:$D$15,3,0) -> Kg
A103: UBICACIÓN | B103: LARGO | C103: RAMALES | D103: PESO X M | E103: CANT. | F103: TOTAL | G103: DETALLES
A104: Rieles longitudinal acero 3/8" | B104: =+B20 -> 138.5 | C104: 4 | D104: 0.56 | E104: 2 | F104: =PRODUCT(B104:E104) -> 620.48
A105: Transversal acero 3/8" | B105: 0.9 | C105: =+ROUND((B104/0.2)+1,0) -> 694 | D105: 0.56 | E105: 2 | F105: =PRODUCT(B105:E105) -> 699.552
A106: Traslapos | B106: 0.6 | C106: =+(B104/6)*4 -> 92.333333 | D106: 0.56 | E106: 2 | F106: =PRODUCT(B106:E106) -> 62.048
A107: Cunetas
A108: longitudinal Acero 3/8" | B108: =+B20 -> 138.5 | C108: 4 | D108: 0.56 | E108: 2 | F108: =PRODUCT(B108:E108) -> 620.48
A109: transversal Acero 3/8 | B109: 0.65 | C109: =+ROUND((B104/0.2)+1,0) -> 694 | D109: 0.56 | E109: 2 | F109: =PRODUCT(B109:E109) -> 505.232
A110: Refuerzo bordillo 1/2" | B110: 0.55 | C110: =+ROUND((B104/0.2)+1,0) -> 694 | D110: 0.56 | E110: 2 | F110: =PRODUCT(B110:E110) -> 427.504
A111: Traslapos | B111: 0.6 | C111: =+(B108/6)*4 -> 92.333333 | D111: 0.56 | E111: 2 | F111: =PRODUCT(B111:E111) -> 62.048
A112: Viga
A113: Longitudinal acero 3/8" | B113: 5 | C113: 4 | D113: 0.56 | E113: =+ROUND((B108/3)+1,0) -> 47 | F113: =PRODUCT(B113:E113) -> 526.4
A114: Transversal 3/8" | B114: 0.6 | C114: =+ROUND(((E113*B113)/0.25)+1,0) -> 941 | D114: 0.56 | E114: 1 | F114: =PRODUCT(B114:E114) -> 316.176
A116: Obra transversal | E116: =39*5.4*E137 -> 1263.6 | F116: =PRODUCT(B116:E116) -> 1263.6
E117: TOTAL | F117: =ROUND((SUM(F104:F116)),2) -> 5103.52
A118: CAPITULO: | B118: =+'[202]Desglose V2'!$B$9 -> CONSTRUCCIÓN DE VÍA | G118: ELABORÓ: | H118: FECHA:
G119: =+'[202]Desglose V2'!$B$32 -> LEÓN ESNAIDER QUIROZ OSORIO | H119: =+$I$4 -> 46106
A120: ITEM | B120: =+VLOOKUP(A121,Desglose!$A$2:$D$15,2,0) -> Construcción de cunetas de 0,7m de ancho y 0,15m de espesor. Concreto preparado en obra de 21 MPa.. Incluye suministro, transporte e instalación del concreto, mano de obra, vibrado, protección y curado, para estructuras de acuerdo con las diferentes dimensiones establecidas en los planos y diseños. El acero de refuerzo se paga en su item respectivo. | G120: Total | H120: UNIDAD:
A121: 3.05 | G121: =+F131 -> 277 | H121: =+VLOOKUP(A121,Desglose!$A$2:$D$15,3,0) -> M
A122: UBICACIÓN | B122: LARGO | C122: ANCHO | D122: ALTURA | E122: CANT. | F122: TOTAL | G122: DETALLES
A123: Placa huella | B123: =+B20 -> 138.5 | E123: 2 | F123: =PRODUCT(B123:E123) -> 277
F128: =PRODUCT(B128:E128) -> 0
F129: =PRODUCT(B129:E129) -> 0
F130: =PRODUCT(B130:E130) -> 0
...

Sheet Análisis de precios unitarios
A1: CÓDIGO | B1: 1.01 | E1: UNIDAD | F1: Día
A2: DESCRIPCIÓN | B2: Localización, trazado y replanteo del proyecto. Se utilizará equipo de precisión, personal experto. Se hará con la frecuencia que lo indique la interventoria. incluye demarcación con pintura, línea de trazado, corte de piso, libretas, planos.
A4: CÓDIGO | B4: DESCRIPCIÓN | C4: UNIDAD | D4: CANTIDAD | E4: PRECIO | F4: TOTAL
A6: 1 - Mano de Obra
A7: MOB010 | B7: Comisión topografía (topógrafo + Cadenero 1 + 2 Cadeneros 2) | C7: Día | D7: 1.05 | E7: 500000 | F7: =D7*E7 -> 525000
E8: TOTAL 1 | F8: =F7 -> 525000
A10: 2 - Equipos
A11: 1 - % Mano de Obra | B11: Herramienta menor | C11: % | F11: 26250
A12: EQU011 | B12: Equipo completo de topografía | C12: Día | D12: 1 | E12: 220000 | F12: =D12*E12 -> 220000
E13: TOTAL 2 | F13: =F11+F12 -> 246250
A15: 3 - Materiales
A16: MAT,116 | B16: Cuartón de sajo 2" x 4" x 2,9 m | C16: M | D16: 3 | E16: 7500 | F16: =D16*E16 -> 22500
A17: MAT,222 | B17: Listón sajo de 5 x 3 cm x 2,5 m (varilla) | C17: M | D17: 3 | E17: 5000 | F17: =D17*E17 -> 15000
A18: MAT,334 | B18: Puntilla de 3" | C18: Lb | D18: 0.02 | E18: 9000 | F18: =D18*E18 -> 180
E19: TOTAL 3 | F19: =F16+F17+F18 -> 37680
A21: 5 - Otros
A22: 2 - % Mano de Obra | B22: Acarreo interno | C22: % | F22: 26250
E23: TOTAL 5 | F23: =F22 -> 26250
E26: COSTO DIRECTO | F26: =F8+F13+F19+F23 -> 835180
A29: CÓDIGO | B29: 2.01 | E29: UNIDAD | F29: m2
A30: DESCRIPCIÓN | B30: Conformación y compactación de la calzada existente manual
A32: CÓDIGO | B32: DESCRIPCIÓN | C32: UNIDAD | D32: CANTIDAD | E32: PRECIO | F32: TOTAL
A34: 1 - Mano de Obra
A35: MOB015 | B35: Cuadrilla E 1 Of + 1 Ay (jornal + prestaciones) | C35: Día | D35: 0.05 | E35: 290121 | F35: =D35*E35 -> 14506.05
E36: TOTAL 1 | F36: =F35 -> 14506.05
A38: 2 - Equipos
A39: 1 - % Mano de Obra | B39: Herramienta menor | C39: % | F39: 725.3
A40: EQU034 | B40: Compactador manual (canguro) | C40: Día | D40: 0.05 | E40: 90000 | F40: =D40*E40 -> 4500
E41: TOTAL 2 | F41: =F39+F40 -> 5225.3
A43: 5 - Otros
A44: 2 - % Mano de Obra | B44: Acarreo interno | C44: % | F44: 725.3
E45: TOTAL 5 | F45: =F44 -> 725.3
E48: COSTO DIRECTO | F48: =F36+F41+F45 -> 20456.65
A51: CÓDIGO | B51: 2.02 | E51: UNIDAD | F51: M3
A52: DESCRIPCIÓN | B52: Excavación mecanica en material heterogéneo, bajo cualquier grado de humedad, medido in situ, incluye botada.
A54: CÓDIGO | B54: DESCRIPCIÓN | C54: UNIDAD | D54: CANTIDAD | E54: PRECIO | F54: TOTAL
A56: 1 - Mano de Obra
A57: MOB00375363 | B57: Ayudante practico (jornal + prestaciones) | C57: Día | D57: 0.002 | E57: 107936 | F57: =D57*E57 -> 215.872
E58: TOTAL 1 | F58: =F57 -> 215.872
A60: 2 - Equipos
A61: 1 - % Mano de Obra | B61: Herramienta menor | C61: % | F61: 10.79
A62: EQU024 | B62: Retroexcavadora | C62: Hr | D62: 0.1 | E62: 250000 | F62: =D62*E62 -> 25000
E63: TOTAL 2 | F63: =F61+F62 -> 25010.79
A65: 5 - Otros
A66: 2 - % Mano de Obra | B66: Acarreo interno | C66: % | F66: 10.79
A67: G-03-011375 | B67: Transporte material (corte, sub-base, base, afirmado, Petreos, arenas, etc) | C67: M3-Km | D67: 5 | E67: 5250 | F67: =D67*E67 -> 26250
A68: G-03-0225000 | B68: Transporte maquinaría pesada | C68: Km | D68: 0.06 | E68: 25000 | F68: =D68*E68 -> 1500
A69: G-03-052500 | B69: Disposición en botadero | C69: M3 | D69: 1 | E69: 0 | F69: =D69*E69 -> 0
E70: TOTAL 5 | F70: =F66+F67+F68+F69 -> 27760.79
E73: COSTO DIRECTO | F73: =F58+F63+F70 -> 52987.452
A76: CÓDIGO | B76: 2.03 | E76: UNIDAD | F76: M3
A77: DESCRIPCIÓN | B77: Lleno compactado con material del sitio manual
A79: CÓDIGO | B79: DESCRIPCIÓN | C79: UNIDAD | D79: CANTIDAD | E79: PRECIO | F79: TOTAL
A81: 1 - Mano de Obra
A82: MOB005 | B82: Cuadrilla A 1 Of + 4 Ay (jornal + prestaciones) | C82: Día | D82: 0.05 | E82: 606459 | F82: =D82*E82 -> 30322.95
E83: TOTAL 1 | F83: =F82 -> 30322.95
A85: 2 - Equipos
A86: 1 - % Mano de Obra | B86: Herramienta menor | C86: % | F86: 1516.15
A87: EQU034 | B87: Compactador manual (canguro) | C87: Día | D87: 0.0667 | E87: 90000 | F87: =D87*E87 -> 6003
E88: TOTAL 2 | F88: =F86+F87 -> 7519.15
A90: 5 - Otros
A91: 2 - % Mano de Obra | B91: Acarreo interno | C91: % | F91: 1516.15
E92: TOTAL 5 | F92: =F91 -> 1516.15
E95: COSTO DIRECTO | F95: =F83+F88+F92 -> 39358.25
A97: CÓDIGO | B97: 3.01 | E97: UNIDAD | F97: M
A98: DESCRIPCIÓN | B98: Placa Huellas (par) en concreto de 20,7 Mpa (3000 psi) e = 0,15 m a c/u = 0,90 m.
A100: CÓDIGO | B100: DESCRIPCIÓN | C100: UNIDAD | D100: CANTIDAD | E100: PRECIO | F100: TOTAL
A102: 1 - Mano de Obra
A103: MOB005 | B103: Cuadrilla A 1 Of + 4 Ay (jornal + prestaciones) | C103: Día | D103: 0.15 | E103: 606459 | F103: =D103*E103 -> 90968.85
A104: MOB013 | B104: Cuadrilla C 1 Of + 7 Ay (jornal + prestaciones) | C104: Día | D104: 0.0425 | E104: 922796 | F104: =D104*E104 -> 39218.83
E105: TOTAL 1 | F105: =F103+F104 -> 130187.68
A107: 2 - Equipos
A108: 1 - % Mano de Obra | B108: Herramienta menor | C108: % | F108: 6510.53
A109: EQU003 | B109: Concretadora gasolina 1 o 1 1/2 sacos | C109: Día | D109: 0.0284 | E109: 90000 | F109: =D109*E109 -> 2556
A110: EQU01055000 | B110: Volqueta 7 m3 | C110: Hr | D110: 0.6169 | E110: 120000 | F110: =D110*E110 -> 74028
E111: TOTAL 2 | F111: =F108+F109+F110 -> 83094.53
A113: 3 - Materiales
A114: MAT,027 | B114: Agua | C114: Lt | D114: 52.5609 | E114: 0 | F114: =D114*E114 -> 0
A115: MAT,039 | B115: Antisol blanco | C115: Kg | D115: 0.412 | E115: 18000 | F115: =D115*E115 -> 7416
A116: MAT,040 | B116: Arena | C116: M3 | D116: 0.1606 | E116: 70000 | F116: =D116*E116 -> 11242
A117: MAT,068 | B117: Cemento gris saco por 50 kilos, incluye cargue, descargue y transporte | C117: Sc | D117: 2.044 | E117: 39000 | F117: =D117*E117 -> 79716
A118: MAT,333 | B118: Puntilla (promedio) | C118: Lb | D118: 0.1 | E118: 9000 | F118: =D118*E118 -> 900
A119: MAT,368 | B119: Tabla para formaleta de 1" x 10" x 2,9 m | C119: M | D119: 1.3333 | E119: 10000 | F119: =D119*E119 -> 13333
A120: MAT,410 | B120: Triturado | C120: M3 | D120: 0.2453 | E120: 65000 | F120: =D120*E120 -> 15944.5
A121: MAT,487 | B121: Varillón de sajo 3x3 | C121: M | D121: 1.5 | E121: 7000 | F121: =D121*E121 -> 10500
E122: TOTAL 3 | F122: =F114+F115+F116+F117+F118+F119+F120+F121 -> 139051.5
A124: 5 - Otros
A125: 2 - % Mano de Obra | B125: Acarreo interno | C125: % | F125: 6510.53
A126: MAT,01239900 | B126: ACPM | C126: Gl | D126: 0.2 | E126: 12000 | F126: =D126*E126 -> 2400
A127: Transp. vereda | B127: Transporte a Vereda | C127: vj | D127: 0.05 | E127: 900000 | F127: =D127*E127 -> 45000
E128: TOTAL 5 | F128: =F125+F126+F127 -> 53910.53
E131: COSTO DIRECTO | F131: =F105+F111+F122+F128 -> 406244.24
A134: CÓDIGO | B134: 3.02 | E134: UNIDAD | F134: M3
A135: DESCRIPCIÓN | B135: Concreto de 20,7 Mpa (3000 psi) (producción), Para sobre anchos
A137: CÓDIGO | B137: DESCRIPCIÓN | C137: UNIDAD | D137: CANTIDAD | E137: PRECIO | F137: TOTAL
A139: 1 - Mano de Obra
A140: MOB013 | B140: Cuadrilla C 1 Of + 7 Ay (jornal + prestaciones) | C140: Día | D140: 0.15 | E140: 922796 | F140: =D140*E140 -> 138419.4
A141: MOB015 | B141: Cuadrilla E 1 Of + 1 Ay (jornal + prestaciones) | C141: Día | D141: 1.5 | E141: 290121 | F141: =D141*E141 -> 435181.5
E142: TOTAL 1 | F142: =F140+F141 -> 573600.9
A144: 2 - Equipos
...
